 Dungeon Crawl Stone Soup version 0.28.0-47-ge53b351184 (webtiles) character file.

Game seed: 13026781307434893677

268 croobank the Covert (level 6, -5/42 HPs)
             Began as an Octopode Delver on May 3, 2022.
             Slain by a scorpion (8 damage)
             ... on level 5 of the Dungeon.
             The game lasted 00:12:20 (4397 turns).

croobank the Covert (Octopode Delver)               Turns: 4397, Time: 00:12:21

Health: -5/42      AC:  1    Str: 11    XL:     6   Next: 21%
Magic:  7/7        EV: 13    Int: 21    God:
Gold:   219        SH:  0    Dex: 13    Spells: 3/7 levels left

rFire   . . .      SeeInvis +   m - +0 dagger
rCold   + . .      Faith    .   (no shield)
rNeg    . . .      Spirit   .   (helmet restricted)
rPois   .          Reflect  .   t - amulet of magic regeneration
rElec   .          Harm     .   s - ring "Qyghekhlav" {rC+ Will+ SInv}
rCorr   .          Rampage  .   x - +6 ring of intelligence
Will    +....                   (no ring)
Stlth   +++++.....              (no ring)
HPRegen 0.14/turn               (no ring)
MPRegen 0.50/turn               (no ring)
                                (no ring)
                                (no ring)

@: brilliant, hasted, very quick
A: almost no armour, amphibious, 8 rings, camouflage 1, gelatinous body 1,
(nimble swimmer 1), tentacles
a: no special abilities


You were on level 5 of the Dungeon.
You visited 1 branch of the dungeon, and saw 5 of its levels.

You collected 219 gold pieces.

Inventory:

Hand Weapons
 a - a +0 hand axe
 b - a +0 hunting sling
 i - a +1 mace of protection
 m - a +0 dagger (weapon)
Missiles
 c - 16 sling bullets
 l - 28 arrows
 n - 16 stones (quivered)
 u - 37 bolts
Magical Staves
 y - a staff of conjuration
Jewellery
 s - the ring "Qyghekhlav" (left tentacle) {rC+ Will+ SInv}
   (You found it on level 3 of the Dungeon)

   [ring of see invisible]

   rC:        It protects you from cold.
   SInv:      It lets you see invisible.
   Will:      It increases your willpower.
 t - an amulet of magic regeneration (around mantle)
 x - a +6 ring of intelligence (right tentacle)
Wands
 f - a wand of digging (3)
 p - a wand of iceblast (3)
Scrolls
 d - 2 scrolls of fear
 o - a scroll of teleportation
 v - 2 scrolls of fog
Potions
 e - 4 potions of haste
 g - 2 potions of curing
 h - a potion of magic
 j - a potion of might
 w - a potion of mutation {unknown}
 z - 2 potions of flight {unknown}


   Skills:
 + Level 3.4 Fighting
 + Level 2.6 Axes
 + Level 2.6 Dodging
 - Level 9.3 Stealth
 + Level 1.2 Spellcasting
 + Level 1.3 Hexes


You had 3 spell levels left.
You knew the following spells:

 Your Spells              Type           Power      Damage    Failure   Level
a - Slow                  Hex            40%        N/A       9%          1
b - Confusing Touch       Hex            10%        N/A       26%         3

Your spell library contained the following spells:

 Spells                   Type           Power      Damage    Failure   Level
 Vampiric Draining        Necr           1%         2d6       43%         3
 Passage of Golubria      Tloc           1%         N/A       85%         4
 Silence                  Hex/Air        3%         N/A       98%         5
 Lehudib's Crystal Spear  Conj/Erth      0%         10d2      100%        8


Dungeon Overview and Level Annotations

Branches:
Dungeon (5/15)
 Temple: D:4-7

Altars:
Cheibriados
Dithmenos
Fedhas
Nemelex Xobeh
Vehumet
Xom
Yredelemnul


Innate Abilities, Weirdness & Mutations

You cannot wear most types of armour.
You are amphibious.
You can wear up to eight rings at the same time.
Your skin changes colour to match your surroundings (Stealth+).
Your rubbery body absorbs attacks. (AC +1, EV +1)
((You are camouflaged when in or above water. (Stealth+)))
You have tentacles for arms and can constrict up to eight enemies at once.


Message History

The orc throws a stone.
The stone barely misses you.
Cast which spell? (? or * to list)
You don't know that spell.
Unknown command.
Aiming: Iceblast
Press: ? - help, Shift-Dir - straight line
Okay, then.
Hit: m) +0 dagger
Press: ? - help, Dir - move target, f - orc wizard
Aim: an orc wizard, wielding a +0 falchion and wearing a +0 robe (about 44% to evade your +0 dagger)
Okay, then.
Aiming: Iceblast
Press: ? - help, Shift-Dir - straight line
Okay, then.
Unknown command.
Cast which spell? (? or * to list)
Aiming: Slow (safe; 9% risk of failure)
Press: ? - help, Shift-Dir - straight line, f - steam dragon
Aim: a steam dragon (chance to affect: 44%)
The steam dragon seems to slow down.
The orc throws a stone.
The stone closely misses you.
The orc wizard hits you with a +0 falchion.
You hit the steam dragon but do no damage.
You squeeze the steam dragon, but do no damage.
The steam dragon bites you! The steam dragon claws you.
The orc wizard barely misses you.
You feel yourself speed up. The scorpion completely misses you.
The orc wizard hits you with a +0 falchion.
You hit the steam dragon but do no damage.
The steam dragon completely misses you. The steam dragon claws you.
* * * LOW HITPOINT WARNING * * *
You feel better. The scorpion stings you!
* * * LOW HITPOINT WARNING * * *
The orc wizard points at you and mumbles some strange words.
The magic dart hits you!
* * * LOW HITPOINT WARNING * * *
It was a potion of brilliance.
You feel clever all of a sudden. The scorpion stings you!
You die...

.... . .... ≈#########
..... #.)......########
.....
#...............####......
#.................#......
##..........))...........
#...........)..o........ #
##............@D........
## ##............s........
.###..............o.......
........#.................
........###..............#
........)####.............
#.[......# ###...........
#........# #.#.......
##......##


You could see a steam dragon (slow), a scorpion, an orc wizard and an orc.

Vanquished Creatures
  2 hounds (D:4)
  2 iguanas (D:4)
  3 adders
  A white imp (D:5)
  An ufetubus (D:3)
  4 dart slugs
  3 worms
  11 orcs
  6 bats
  11 endoplasms
  A giant cockroach (D:1)
  6 goblins
  5 hobgoblins
  2 jackals (D:3)
  2 quokkas
  9 ball pythons
  2 frilled lizards
  13 kobolds
  6 rats
90 creatures vanquished.

Vanquished Creatures (others)
  9 fungi (D:5)
9 creatures vanquished.

Grand Total: 99 creatures vanquished

Notes
Turn   | Place    | Note
-------+----------+-------------------------------------------
     0 | D:5      | croobank the Octopode Delver began the quest for the Orb.
     0 | D:5      | Reached XP level 1. HP: 16/16 MP: 1/1
   107 | D:4      | Noticed a hound
   413 | D:3      | Noticed an ogre
   465 | D:1      | Reached skill level 7 in Stealth
   502 | D:1      | Reached XP level 2. HP: 21/21 MP: 2/2
   781 | D:1      | Reached XP level 3. HP: 26/26 MP: 3/3
   993 | D:1      | Reached skill level 8 in Stealth
  1198 | D:2      | Found a shimmering altar of Xom.
  1500 | D:2      | Reached XP level 4. HP: 31/31 MP: 4/4
  1923 | D:3      | Found a sparkling altar of Nemelex Xobeh.
  1923 | D:3      | Found a shadowy altar of Dithmenos.
  1923 | D:3      | Found a radiant altar of Vehumet.
  1923 | D:3      | Found a snail-covered altar of Cheibriados.
  1930 | D:3      | Found a basalt altar of Yredelemnul.
  1936 | D:3      | Found a blossoming altar of Fedhas.
  2018 | D:3      | Found a faded altar of an unknown god.
  2043 | D:3      | Learned a level 1 spell: Slow
  2138 | D:3      | Identified the ring "Qyghekhlav" {rC+ Will+ SInv}
  2152 | D:3      | Reached skill level 9 in Stealth
  2735 | D:4      | Reached XP level 5. HP: 23/36 MP: 5/5
  3273 | D:4      | Reached skill level 1 in Hexes
  3427 | D:4      | Reached skill level 1 in Spellcasting
  3427 | D:4      | Reached XP level 6. HP: 32/42 MP: 7/7
  3579 | D:4      | Learned a level 3 spell: Confusing Touch
  4202 | D:5      | Noticed a steam dragon
  4380 | D:5      | Noticed a steam dragon
  4397 | D:5      | Slain by a scorpion

Illustrated notes

Levels and vault maps discovered:
D:1:      eino_arrival_water_star, layout_basic
D:2:      layout_loops_ring, basic_altar
D:3:      layout_basic, minmay_overflow_temple_hex,
          ebering_ecumenical_altar_ruins, minmay_misc_feat_five
D:4:      layout_loops_ring
D:5:      kennysheep_steamy, layout_layer_cave, minmay_temple_entry_overgrown,
          nicolae_elevator_lobby_asterisk

Skill      XL: |  1  2  3  4  5 |
---------------+----------------+-----
Stealth        | 7 8 9 |  9.3
Hexes          | 1 |  1.3
Spellcasting   | 1 |  1.2
Fighting       | |  3.4
Axes           | |  2.6
Dodging        | |  2.6

Action                   |  1- 3 |  4- 6 || total
-------------------------+-------+-------++-------
Melee: Hand axe          |    49 |       ||    49
       Tentacles         |    17 |    34 ||    51
       Constrict         |    18 |    30 ||    48
       Punch             |     4 |     1 ||     5
       Dagger            |    44 |   119 ||   163
 Cast: Slow              |       |     1 ||     1
  Use: Scroll            |     1 |     7 ||     8
       Potion            |       |     3 ||     3
 Stab: Distracted        |     1 |       ||     1
       Sleeping          |    10 |    11 ||    21
Armor: Skin              |     5 |     2 ||     7
Dodge: Dodged            |    60 |    69 ||   129
